 Dungeon Crawl Stone Soup version 0.19.5 (webtiles) character file.

2415 Mesmaeker13 the Schismatic (level 9, -1/68 HPs)
             Began as a Formicid Abyssal Knight on Apr 15, 2017.
             Was an Elder of Lugonu.
             Slain by Erica
             ... wielding a +4 scimitar of flaming
              (8 damage)
             ... on level 7 of the Dungeon.
             The game lasted 00:21:24 (10068 turns).

Mesmaeker13 the Schismatic (FoAK)                  Turns: 10068, Time: 00:21:24

Health: -1/68      AC: 13    Str: 20    XL:     9   Next: 76%
Magic:  15/15      EV:  6    Int: 13    God:    Lugonu [****..]
Gold:   181        SH:  0    Dex: 11    Spells: 0 memorised, 8 levels left

rFire  + + .     SeeInvis +     r - +0 trident
rCold  x . .     Gourm    .     B - +0 plate armour (curse)
rNeg   . . .     Faith    .     (no shield)
rPois  .         Spirit   .     (helmet unavailable)
rElec  .         Reflect  .     (no cloak)
rCorr  .         Harm     .     (no gloves)
MR     .....                    (no boots)
Stlth  ..........               (no amulet)
                                k - ring of fire
                                h - +2 ring of intelligence

@: lethally poisoned (-1 -> -5)
A: permanent stasis, dig shafts and tunnels, four strong arms, antennae 3, fire
resistance 1, sense surroundings 1
a: Dig, Shaft Self, Depart the Abyss, Bend Space, Banish, Corrupt, Renounce
Religion


You were on level 7 of the Dungeon.
You worshipped Lugonu.
Lugonu was greatly pleased with you.
You were hungry.

You visited 1 branch of the dungeon, and saw 8 of its levels.
You visited the Abyss 1 time.

You collected 306 gold pieces.
You spent 125 gold pieces at shops.

Inventory:

Hand Weapons
 n - a +0 halberd
 q - a +0 glaive
 r - a +0 trident (weapon)
Missiles
 e - 7 tomahawks (quivered)
Armour
 B - a cursed +0 plate armour (worn)
Jewellery
 h - a +2 ring of intelligence (left hand)
 k - a ring of fire (right hand)
Wands
 o - a wand of slowing (14/48)
 t - a wand of lightning (5/15)
Scrolls
 l - a scroll of magic mapping
 m - 3 scrolls of remove curse
 s - a scroll of fog
 v - a scroll of enchant weapon {unknown}
 w - a scroll of enchant armour {unknown}
 x - a scroll of immolation {unknown}
 y - a scroll of noise
 z - a scroll of holy word {unknown}
 A - a scroll of recharging {unknown}
Potions
 f - a potion of brilliance
 g - 4 potions of flight
 j - 2 potions of cure mutation
Comestibles
 c - 3 bread rations
 p - a slice of pizza


   Skills:
 - Level 5.2 Fighting
 + Level 7.1 Polearms
 + Level 7.9 Armour
 - Level 0.8 Dodging
 + Level 8.4 Invocations


You had 8 spell levels left.
You didn't know any spells.

Dungeon Overview and Level Annotations

Branches:
Dungeon (8/15)             Temple (0/1) D:7            Lair (0/6) D:8

Altars:
Cheibriados
Dithmenos
Fedhas
Hepliaklqana
Kikubaaqudgha
Makhleb
Nemelex Xobeh
Okawaru
Qazlal
Trog
Vehumet
Yredelemnul
Zin
The Shining One

Shops:
D:4 ((=*   D:5 }[   D:7 *

Annotations:
D:7 Erica


Innate Abilities, Weirdness & Mutations

You are under a permanent stasis effect.
You can dig through walls and to a lower floor.
Your four strong arms can wield two-handed weapons with a shield.
You have a pair of large antennae on your head. (SInv)
Your flesh is heat resistant. (rF+)
You passively map a small area around you.


Message History

You bump into the stone wall.
You feel sick.
You bump into the stone wall.
You feel sick.
Erica points at you and mumbles some strange words.
You are more confused.
You bump into the stone wall.
You feel sick.
Erica screams, "Die!"
Erica gestures at you while chanting. You resist with some effort.
You feel sick. Erica gestures at you while chanting.
You resist with some effort.
You bump into the stone wall.
Erica mumbles some strange words.
Erica flickers and vanishes for a moment.
You're too confused to move!
You feel sick.
You feel sick.
You bump into the stone wall.
You feel less confused.
Erica hits you with a scimitar of flaming!
You die...

##### ######### ....#
#......># ....#
#.......# ....#
#....<..# ....#
#.......# ###.#
####...###### # #.#
#.#...@@.##### ##### #
#.# #.######.....#
#...# # #.### ##.#
##....# #...#
###...###..### ##...#
#...# ....#........#
#...# #...#
....#####..#.## #...#
#...# ...†# #.....##
##.## #...# ....#
##...#..# ###.#####...#
....#
#..#.##.###...#....<.[#


You could see Erica (invisible).

Vanquished Creatures
  An orc warrior (D:6)
  3 ice beasts
  A phantom (D:6)
  2 ogres
  2 centaurs
  Blork the orc (D:6)
  A wyvern zombie (D:7)
  2 bullfrogs
  3 scorpions
  A vampire bat (D:3)
  A howler monkey (D:4)
  A crimson imp (D:7)
  2 hounds
  3 jellies
  An orc priest (D:6)
  A bullfrog skeleton (D:4)
  A centaur skeleton (D:7)
  A gnoll shaman (D:5)
  Jessica (D:2)
  An iguana (D:5)
  4 orc wizards
  8 worker ants
  A killer bee zombie (D:5)
  2 hound skeletons
  11 gnolls
  7 adders
  A howler monkey skeleton (D:7)
  2 shadow imps
  3 oozes
  An adder skeleton (D:8)
  5 worms
  5 dart slugs
  3 fire bats (D:3)
  3 leopard geckos
  18 orcs
  2 spectral bats (D:3)
  3 bat skeletons (D:3)
  A bat zombie (D:3)
  8 giant cockroaches
  6 goblins
  7 hobgoblins
  13 jackals
  7 kobolds
  A quokka (D:5)
  15 bats
  A bat simulacrum (D:3)
  2 frilled lizards
  2 leopard gecko skeletons
  6 rats
178 creatures vanquished.

Vanquished Creatures (others)
  A centaur (D:8)
1 creature vanquished.

Grand Total: 179 creatures vanquished

Notes
Turn   | Place    | Note
-------+----------+-------------------------------------------
     0 | Abyss:1  | Mesmaeker13 the Formicid Abyssal Knight began the quest for the Orb.
     0 | Abyss:1  | Reached XP level 1. HP: 18/18 MP: 2/2
    43 | D:1      | Escaped the Abyss
   185 | D:1      | Reached XP level 2. HP: 22/24 MP: 3/3
   325 | D:1      | Reached XP level 3. HP: 28/30 MP: 4/4
   583 | D:1      | Reached ** piety under Lugonu
   730 | D:1      | Reached XP level 4. HP: 30/37 MP: 5/5
  1054 | D:2      | Noticed Jessica
  1064 | D:2      | Killed Jessica
  1424 | D:2      | Found a snail-covered altar of Cheibriados.
  1472 | D:2      | Reached XP level 5. HP: 41/42 MP: 7/7
  1910 | D:3      | Found a faded altar of an unknown god.
  2248 | D:3      | Reached skill level 3 in Invocations
  2357 | D:3      | Reached XP level 6. HP: 48/49 MP: 8/8
  2399 | D:3      | Reached *** piety under Lugonu
  2800 | D:3      | Reached skill level 5 in Fighting
  3201 | D:4      | Found Joykic's Jewellery Shop.
  3206 | D:4      | Found Bacoav's Assorted Antiques.
  3221 | D:4      | Bought a scroll of identify for 50 gold pieces
  3221 | D:4      | Bought a potion of curing for 75 gold pieces
  3546 | D:4      | Found Gayrr's Weapon Emporium.
  3580 | D:4      | Reached XP level 7. HP: 46/56 MP: 9/9
  3600 | D:4      | Found Xogebby's Weapon Emporium.
  3626 | D:4      | Reached skill level 4 in Invocations
  3798 | D:4      | Reached skill level 5 in Armour
  4114 | D:4      | Reached **** piety under Lugonu
  4131 | D:4      | Gained mutation: Your flesh is heat resistant. (rF+) [potion of mutation]
  4131 | D:4      | Gained mutation: You passively map a small area around you. [potion of mutation]
  4131 | D:4      | Gained mutation: You evolve. [potion of mutation]
  4147 | D:4      | Found a sparkling altar of Nemelex Xobeh.
  4475 | D:5      | Entered Level 5 of the Dungeon
  4536 | D:5      | Found Tumaqim's Gadget Shoppe.
  4555 | D:5      | Found Utyhioz's Armour Boutique.
  4593 | D:5      | Found a burning altar of Makhleb.
  4599 | D:5      | Reached skill level 5 in Invocations
  4599 | D:5      | Reached XP level 8. HP: 54/62 MP: 11/11
  4703 | D:5      | Found a blossoming altar of Fedhas.
  4828 | D:5      | Reached skill level 5 in Polearms
  4993 | D:5      | Found a hazy altar of Hepliaklqana.
  4993 | D:5      | Found a shadowy altar of Dithmenos.
  4994 | D:5      | Found an ancient bone altar of Kikubaaqudgha.
  4994 | D:5      | Found a glowing silver altar of Zin.
  5240 | D:5      | Reached skill level 6 in Invocations
  5381 | D:5      | HP: 3/62 [ogre/giant spiked club (14)]
  6039 | D:5      | Found an iron altar of Okawaru.
  6039 | D:5      | Found a bloodstained altar of Trog.
  6705 | D:6      | Noticed Blork the orc
  6719 | D:6      | Killed Blork the orc
  6719 | D:6      | Reached XP level 9. HP: 49/68 MP: 14/14
  7002 | D:6      | Reached skill level 7 in Invocations
  7304 | D:6      | Found a basalt altar of Yredelemnul.
  7716 | D:6      | Lost mutation: You evolve. [evolution]
  7926 | D:6      | Found a stormy altar of Qazlal.
  8647 | D:7      | Reached skill level 8 in Invocations
  9224 | D:7      | Found a staircase to the Ecumenical Temple.
  9277 | D:7      | Found Voublenee's Assorted Antiques.
  9414 | D:7      | Found a glowing golden altar of the Shining One.
  9414 | D:7      | Found a radiant altar of Vehumet.
  9535 | D:8      | Noticed Erica
 10068 | D:7      | Slain by Erica

Skill      XL: |  1  2  3  4  5  6  7  8  9 |
---------------+----------------------------+-----
Fighting       | 4 5 |  5.2
Polearms       | 3 4 5 7 |  7.1
Armour         | 3 4 5 6 7 |  7.9
Invocations    | 3 5 6 8 |  8.4
Dodging        | |  0.8

Action                   |  1- 3 |  4- 6 |  7- 9 || total
-------------------------+-------+-------+-------++-------
Melee: Spear             |   120 |   329 |    82 ||   531
       Trident           |       |       |   584 ||   584
Throw: Tomahawk          |       |     2 |     9 ||    11
Invok: Bend Space        |       |     1 |       ||     1
       Banish            |       |       |     2 ||     2
Evoke: Wand              |       |       |     4 ||     4
  Use: Scroll            |       |     6 |     8 ||    14
       Potion            |       |     2 |    13 ||    15
 Stab: Distracted        |     1 |       |       ||     1
  Eat: Chunk             |       |     9 |    19 ||    28
       Fruit             |       |       |     1 ||     1
       Pizza             |       |       |     1 ||     1
Armor: Leather armour    |    20 |    32 |       ||    52
       Ring mail         |       |   107 |       ||   107
       Chain mail        |       |    34 |   240 ||   274
       Skin              |       |    25 |       ||    25
       Plate armour      |       |       |    29 ||    29
Dodge: Dodged            |    55 |   150 |   207 ||   412
